 Dungeon Crawl Stone Soup version 0.25-a0-287-g56a5b49892 (webtiles) character file.

Game seed: 13343548599236489479, levelgen mode: deterministic

198 MoonlitKnight the Poker (level 5, 0/39 HPs)
             Began as a Merfolk Skald on Dec 12, 2019.
             Slain by an orc priest
             ... wielding a +0 hand axe
              (1 damage)
             ... on level 3 of the Dungeon.
             The game lasted 00:06:10 (2386 turns).

MoonlitKnight the Poker (Merfolk Skald)             Turns: 2386, Time: 00:06:10

Health: 0/39       AC:  3    Str: 12    XL:     5   Next: 76%
Magic:  0/8        EV: 14    Int: 13    God:
Gold:   146        SH:  0    Dex: 13    Spells: 2/8 levels left

rFire    . . .     SeeInvis .   a - +0 spear
rCold    . . .     Gourm    .   (no shield)
rNeg     . . .     Faith    .   b - +0 leather armour
rPois    .         Spirit   .   (no helmet)
rElec    .         Reflect  .   (no cloak)
rCorr    .         Harm     .   (no gloves)
MR       .....                  (no boots)
Stlth    +.........             (no amulet)
HPRegen  0.13/turn              (no ring)
MPRegen  0.11/turn              (no ring)

@: infused, very slightly contaminated
A: change form in water, swift swim, stealthy swim
a: no special abilities


You were on level 3 of the Dungeon.
You were hungry.

You visited 1 branch of the dungeon, and saw 3 of its levels.

You collected 146 gold pieces.

Inventory:

Hand Weapons
 a - a +0 spear (weapon)
 c - a cursed +0 hunting sling
Missiles
 n - 16 sling bullets
Armour
 b - a +0 leather armour (worn)
Scrolls
 e - a scroll of amnesia {unknown}
 g - a scroll of identify {unknown}
 h - a scroll of enchant armour {unknown}
 l - 3 scrolls of enchant weapon {unknown}
 p - 2 scrolls of magic mapping {unknown}
 q - a scroll of teleportation {unknown}
Potions
 f - a potion of berserk rage {unknown}
 i - a potion of curing {unknown}
 j - a potion of heal wounds {unknown}
 k - a potion of brilliance {unknown}
 m - a potion of cancellation {unknown}
 o - a potion of haste {unknown}
Comestibles
 d - 5 rations
 r - 6 chunks of flesh


   Skills:
 + Level 2.4 Fighting
 + Level 5.2 Polearms
 - Level 0.6 Armour
 + Level 4.8 Dodging
 - Level 2.0 Spellcasting
 + Level 0.6 Hexes
 + Level 4.6 Charms


You had 2 spell levels left.
You knew the following spells:

 Your Spells              Type           Power        Failure   Level  Hunger
a - Infusion              Chrm           ##..         4%          1    ##.....
b - Shroud of Golubria    Chrm/Tloc      #.....       19%         2    ###....
c - Spectral Weapon       Hex/Chrm       #.......     32%         3    ####...

Your spell library contained the following spells:

 Spells                   Type           Power        Failure   Level  Hunger
 Song of Slaying          Chrm           ##......     8%          2    ###....
 Regeneration             Chrm/Necr      #.........   36%         3    ####...


Dungeon Overview and Level Annotations

Branches:
Dungeon (3/15)

Altars:
Ashenzari

Annotations:
D:3 2 transporters, MoonlitKnight's ghost, amateur DECj


Message History

The orc wizard gestures wildly while chanting.
The orc wizard blinks!
You hit the orc priest but do no damage.
You barely miss the orc priest.
The orc priest hits you but does no damage.
You hit the orc priest but do no damage.
The orc priest hits you with a +0 hand axe.
You hit the orc priest but do no damage.
The orc wizard mumbles some strange words.
The orc wizard blinks!
The orc priest barely misses you.
You barely miss the orc priest. The orc wizard misses you.
You closely miss the orc wizard.
The orc priest invokes the aid of Beogh against you.
Beogh smites you!
* * * LOW HITPOINT WARNING * * *
The orc wizard misses you.
You hit the orc wizard!
The orc wizard is heavily wounded.
The orc priest hits you with a +0 hand axe.
You die...

...........###......##.# .#
..####..#.####.###..##.##.#
..............>...........
..#.#...###......#..##.##.
......©.....##.#.#..##.#
..#########..#.#.#..#
.##8.....8##.#.#.#..# #
.#WK......©#.#.#.#..##.#..
.#h##...##K#...o@.).......
.#l##...##.#.#.#o#..##.#.#
.#....©...W#.#.#.#......
.#.##...##g#.....§.......
.#.##...##h#..............
.#.....[..l#.#......##....
.##8.$$$.8##........##....
..#########.....<...).....
#.....©.....##.#.#.####.


You could see an orc priest, an orc wizard and a kobold.

Vanquished Creatures
  A crimson imp (D:3)
  A hound (D:2)
  Jessica (D:2)
  Terence (D:2)
  2 adders
  An ooze (D:2)
  A worm (D:2)
  A dart slug (D:1)
  A leopard gecko (D:1)
  An orc (D:3)
  6 bats
  4 giant cockroaches
  7 goblins
  8 hobgoblins
  4 kobolds
  4 frilled lizards
  7 rats
51 creatures vanquished.

Notes
Turn   | Place    | Note
-------+----------+-------------------------------------------
     0 | D:1      | MoonlitKnight the Merfolk Skald began the quest for the
                  | Orb.
     0 | D:1      | Reached XP level 1. HP: 16/16 MP: 3/3
   265 | D:1      | Reached XP level 2. HP: 13/22 MP: 0/5
   368 | D:1      | Learned a level 2 spell: Shroud of Golubria
   511 | D:1      | Found a shattered altar of Ashenzari.
   855 | D:1      | Reached XP level 3. HP: 27/27 MP: 6/6
   860 | D:1      | Learned a level 3 spell: Spectral Weapon
  1120 | D:2      | Reached skill level 4 in Polearms
  1120 | D:2      | Reached XP level 4. HP: 20/33 MP: 0/7
  1528 | D:2      | Noticed Jessica
  1538 | D:2      | Killed Jessica
  1811 | D:2      | Noticed Terence
  1826 | D:2      | Killed Terence
  1826 | D:2      | Reached skill level 5 in Polearms
  1826 | D:2      | Reached XP level 5. HP: 31/38 MP: 5/8
  2181 | D:3      | Noticed MoonlitKnight's ghost (amateur DECj)
  2182 | D:3      | Found a transporter.
  2264 | D:3      | Found a transporter.
  2385 | D:3      | HP: 1/39 [orc priest/divine providence (15)]
  2386 | D:3      | Slain by an orc priest

Levels and vault maps discovered:
D:1:      grunt_arrival_crossed_arrows, layout_loops_cross,
          minmay_misc_feat_iff, ashenzari_altar_1
D:2:      layout_loops_ring, uniq_jessica, uniq_terence
D:3:      layout_basic, gammafunk_ghost_arena, first_ration

Skill      XL: |  1  2  3  4 |
---------------+-------------+-----
Dodging        | 3 4 |  4.8
Polearms       | 4 5 |  5.2
Charms         | 4 |  4.6
Fighting       | |  2.4
Armour         | |  0.6
Spellcasting   | |  2.0
Hexes          | |  0.6

Action                   |  1- 3 |  4- 6 || total
-------------------------+-------+-------++-------
Melee: Spear             |    90 |   151 ||   241
 Cast: Infusion          |     9 |     6 ||    15
       Shroud of Golubri |     1 |       ||     1
       Spectral Weapon   |       |     6 ||     6
  Eat: Chunk             |     1 |     5 ||     6
Armor: Leather armour    |    14 |    25 ||    39
Dodge: Dodged            |    47 |    68 ||   115

Table legend:
 A = Non-vault XP
 B = Vault XP
 C = Vault XP percentage of total XP
 D = Non-vault monster count
 E = Vault monster count
 F = Vault count percentage of total count
                 A         B        C        D         E       F
            +---------+---------+-------+---------+---------+-------
      Total |     210 |      73 |  25.8 |      49 |       2 |   3.9
            +---------+---------+-------+---------+---------+-------
        D:1 |      35 |       0 |   0.0 |      20 |       0 |   0.0
        D:2 |      90 |      73 |  44.8 |      16 |       2 |  11.1
        D:3 |      85 |       0 |   0.0 |      13 |       0 |   0.0
            +---------+---------+-------+---------+---------+-------
